 Dungeon Crawl Stone Soup version 0.20.0-15-g7f486f2 (webtiles) character file.

1421 skittles the Conjurer (level 8, 0/57 HPs)
             Began as a White Draconian Fire Elementalist on June 20, 2017.
             Slain by Joseph
             ... wielding a +2 quarterstaff of crushing
              (7 damage)
             ... on level 7 of the Dungeon.
             The game lasted 00:15:37 (7437 turns).

skittles the Conjurer (DrFE)                        Turns: 7437, Time: 00:15:37

Health: 0/57       AC:  6    Str: 11      XL:     8   Next: 44%
Magic:  6/17       EV: 12    Int: 18      God:
Gold:   319        SH:  0    Dex:  7 (11) Spells: 6/19 levels left

rFire    . . .     SeeInvis +   m - +2 mace (holy)
rCold    + . .     Gourm    .   (no shield)
rNeg     . . .     Faith    .   (armour unavailable)
rPois    .         Spirit   .   (helmet restricted)
rElec    .         Reflect  .   (no cloak)
rCorr    .         Harm     .   (no gloves)
MR       .....                  (no boots)
Stlth    +.........             o - amulet of magic regeneration
Regen    0.2/turn               (no ring)
MPRegen  0.3/turn               y - ring of see invisible

@: no status effects
A: breathe frost, unfitting armour, cold resistance 1, cold-blooded, AC +6
a: Breathe Frost


You were on level 7 of the Dungeon.
You were not hungry.

You visited 1 branch of the dungeon, and saw 7 of its levels.

You collected 319 gold pieces.

Inventory:

Hand Weapons
 m - a +2 mace of holy wrath (weapon)
Armour
 s - a cursed +1 shield
Jewellery
 o - an amulet of magic regeneration (around neck)
 y - a ring of see invisible (right hand)
Wands
 f - a wand of lightning (8/15)
 u - a wand of disintegration (7/24)
 w - a wand of confusion (17/48)
 G - a wand of enslavement (9/24)
Scrolls
 g - 3 scrolls of amnesia
 h - a scroll of blinking
 j - a scroll of identify
 l - 5 scrolls of magic mapping
 n - a scroll of enchant armour
 p - a scroll of remove curse
 q - 2 scrolls of teleportation {unknown}
 v - a scroll of enchant weapon {unknown}
 D - a scroll of vulnerability {unknown}
Potions
 c - a potion of resistance
 e - a potion of ambrosia
 i - a potion of berserk rage
 k - a potion of heal wounds
 r - a potion of agility
 z - a potion of flight
 A - a potion of might {unknown}
 B - 2 potions of brilliance {unknown}
 E - a potion of cancellation {unknown}
 F - 3 potions of curing {unknown}
Books
 a - a book of Flames

   Spells                             Type                      Level
   a - Flame Tongue                   Conjuration/Fire             1
   b - Throw Flame                    Conjuration/Fire             2
   c - Conjure Flame                  Conjuration/Fire             3
   d - Inner Flame                    Hexes/Fire                   3
   e - Sticky Flame                   Conjuration/Fire             4
   f - Fireball                       Conjuration/Fire             5
 d - a book of Conjurations

   Spells                             Type                      Level
   a - Magic Dart                     Conjuration                  1
   b - Searing Ray                    Conjuration                  2
   c - Dazzling Spray                 Conjuration/Hexes            3
   d - Fulminant Prism                Conjuration/Hexes            4
   e - Force Lance                    Conjuration/Translocation    4
   f - Iskenderun's Mystic Blast      Conjuration                  4
Comestibles
 b - 4 bread rations
 t - a royal jelly
 x - 3 meat rations
 C - a fruit


   Skills:
 - Level 1.7 Dodging
 - Level 1.7 Stealth
 + Level 6.4 Spellcasting
 + Level 6.7 Conjurations
 - Level 4.3 Fire Magic


You had 6 spell levels left.
You knew the following spells:

 Your Spells              Type           Power        Failure   Level  Hunger
a - Flame Tongue          Conj/Fire      ####.        1%          1    None
b - Conjure Flame         Conj/Fire      ####....     3%          3    ##.....
c - Sticky Flame          Conj/Fire      ####....     12%         4    ####...
d - Searing Ray           Conj           ####..       1%          2    None
e - Dazzling Spray        Conj/Hex       ###...       9%          3    ##.....


Dungeon Overview and Level Annotations

Branches:
Dungeon (7/15)
 Temple: D:4-7

Altars:
Ashenzari
Cheibriados
Elyvilon
Makhleb
Nemelex Xobeh
Xom

Annotations:
D:7 Joseph


Innate Abilities, Weirdness & Mutations

You can breathe waves of freezing cold.
You can buffet flying creatures when you breathe cold.
Your icy white scales are hard. (AC +6)
You cannot fit into any form of body armour.
Your flesh is cold resistant. (rC+)
You are cold-blooded and may be slowed by cold attacks.


Message History

Press: ? - help, Shift-Dir - straight line, f/p - Joseph
Aim: Joseph, wielding a quarterstaff of crushing and wearing a ring mail (lightly wounded, covered in liquid flames, blind)
The flame tongue hits Joseph.
Joseph is moderately wounded.
Joseph burns!
Joseph hits you with an uncursed quarterstaff of crushing!
* * * LOW HITPOINT WARNING * * *
x2 Joseph burns!
You see here a sling bullet.
Joseph burns!
Joseph stops burning.
Casting: Flame Tongue
Confirm with . or Enter, or press ? or * to list all spells.
Aiming: Sticky Flame
Press: ? - help, Shift-Dir - straight line, f/p - Joseph
Aim: Joseph, wielding a quarterstaff of crushing and wearing a ring mail (moderately wounded, blind)
The sticky flame hits Joseph.
Joseph is heavily wounded.
Joseph is covered in liquid flames!
Joseph burns!
Joseph hits you with an uncursed quarterstaff of crushing!
You die...

######## #......# #####.####.#
#######..@@.# #.#
####........########.#######.
###..'......>...................
....##......%..####.......####.##
....# .........# #...###.# #...
....# .........# #...# #.# #..#
....# #######..# #...###.# #..#
....#########..####.......####..#
...>.........................#..#


You could see Joseph (blind).

Vanquished Creatures
  A hungry ghost (D:7)
  An ogre (D:5)
  2 phantoms
  An orc warrior (D:6)
  A centaur (D:4)
  A bullfrog (D:7)
  A bullfrog zombie (D:7)
  A quasit (D:7)
  2 hounds (D:5)
  3 orc priests
  2 orc wizards
  3 bullfrog skeletons (D:4)
  A centaur skeleton (D:4)
  An iron imp (D:7)
  Ijyb (D:5)
  6 worker ants
  3 hound skeletons
  A howler monkey skeleton (D:2)
  7 adders
  2 shadow imps
  An ooze (D:2)
  2 adder skeletons
  An adder zombie (D:5)
  A worm (D:2)
  A dart slug (D:4)
  2 leopard geckos
  11 orcs
  A ball python (D:4)
  2 giant cockroaches (D:3)
  6 goblins
  6 hobgoblins
  10 jackals
  6 kobolds
  5 quokkas
  4 bats
  4 frilled lizards
  A giant cockroach zombie (D:2)
  A quokka skeleton (D:2)
  A quokka zombie (D:5)
  6 rats
113 creatures vanquished.

Vanquished Creatures (others)
  2 worker ants (D:4)
  An adder (D:4)
  An orc (D:4)
  A quokka (D:4)
  2 ball pythons (D:4)
7 creatures vanquished.

Grand Total: 120 creatures vanquished

Notes
Turn   | Place    | Note
-------+----------+-------------------------------------------
     0 | D:1      | skittles the Draconian Fire Elementalist began the quest for the Orb.
     0 | D:1      | Reached XP level 1. HP: 14/14 MP: 3/3
   413 | D:1      | Reached XP level 2. HP: 10/20 MP: 3/5
  1284 | D:1      | Reached XP level 3. HP: 22/26 MP: 5/7
  2285 | D:2      | Reached XP level 4. HP: 32/33 MP: 5/8
  3150 | D:3      | Reached XP level 5. HP: 29/38 MP: 0/10
  3382 | D:3      | Learned a level 3 spell: Conjure Flame
  3387 | D:3      | Learned a level 4 spell: Sticky Flame
  4131 | D:4      | Reached XP level 6. HP: 34/45 MP: 11/11
  4609 | D:4      | Reached skill level 5 in Fire Magic
  4711 | D:4      | Found a shimmering altar of Xom.
  4846 | D:4      | Your scales start taking on an icy white colour.
  4846 | D:4      | Reached XP level 7. HP: 30/50 MP: 10/13
  4846 | D:4      | Gained mutation: Your flesh is cold resistant. (rC+) [White Draconian growth]
  5128 | D:5      | Entered Level 5 of the Dungeon
  5178 | D:5      | Reached skill level 5 in Spellcasting
  5277 | D:5      | Noticed Ijyb
  5295 | D:5      | Killed Ijyb
  5295 | D:5      | Reached skill level 5 in Conjurations
  5398 | D:5      | Found a burning altar of Makhleb.
  5857 | D:5      | Found a sparkling altar of Nemelex Xobeh.
  6344 | D:6      | Reached XP level 8. HP: 57/57 MP: 2/16
  6499 | D:6      | Found a white marble altar of Elyvilon.
  6586 | D:6      | Found a shattered altar of Ashenzari.
  6810 | D:7      | Found a snail-covered altar of Cheibriados.
  7190 | D:7      | Learned a level 2 spell: Searing Ray
  7194 | D:7      | Learned a level 3 spell: Dazzling Spray
  7322 | D:7      | Noticed Joseph
  7437 | D:7      | Slain by Joseph

Skill      XL: |  1  2  3  4  5  6  7  8 |
---------------+-------------------------+-----
Spellcasting   | 3 4 5 6 |  6.4
Conjurations   | 2 3 4 5 6 |  6.7
Fire Magic     | 4 4 |  4.3
Dodging        | |  1.7
Stealth        | |  1.7

Action                   |  1- 3 |  4- 6 |  7- 9 || total
-------------------------+-------+-------+-------++-------
Melee: Whip              |    61 |       |       ||    61
       Tailslap          |     6 |     5 |     5 ||    16
       Mace              |    19 |    92 |    92 ||   203
 Cast: Flame Tongue      |    33 |    49 |    57 ||   139
       Sticky Flame      |       |     2 |     7 ||     9
       Dazzling Spray    |       |       |     1 ||     1
  Use: Scroll            |       |     5 |     7 ||    12
 Stab: Sleeping          |     4 |     4 |     1 ||     9
       Distracted        |       |       |     1 ||     1
  Eat: Chunk             |     5 |     8 |     8 ||    21
       Bread ration      |       |       |     1 ||     1
Armor: Skin              |    42 |    35 |    74 ||   151
Dodge: Dodged            |    72 |    65 |    95 ||   232
